Map: Nightshade LE

Players

AHOORA

  • Race: Zerg Zerg
  • League: Silver
  • Spawn Location: 5:00

rawbone - Winner!

  • Race: Zerg Zerg
  • League: Gold
  • Spawn Location: 11:00

VOD

Have the link to the VOD?

Description

Time

  • Played on: Jan. 25, 2020, 6:38 p.m.
  • Length: 12:20
Show
View Real Time Build Order
Export as new Build Order

AHOORA Zerg 

Build Orders: Hatch First 

Get SALT Encoding   

  12  0:02  Drone  
  13  0:14  Overlord  
  13  0:17  Drone  
  14  0:44  Hatchery  
  13  0:51  Drone x2  
  13  0:54  Drone  
  16  0:58  Extractor  
  15  1:16  Spawning Pool  
  14  1:20  Drone  
  14  1:21  Drone  
  16  1:28  Drone  
  17  1:36  Drone  
  18  1:44  Extractor  
  18  1:45  Drone  
  18  1:57  Drone  
  18  2:00  Drone  
  20  2:06  Metabolic Boost  
  20  2:08  Queen  
  20  2:15  Drone  
  23  2:26  Drone x3  
  26  2:36  Roach Warren  
  25  2:41  Drone  
  26  2:55  Overlord x2  
  26  2:57  Drone x2  
  28  3:13  Queen  
  28  3:14  Drone x3  
  28  3:16  Drone  
  34  3:43  Drone  
  34  3:44  Drone  
  34  3:45  Overlord  
  34  3:46  Overlord x2  
  36  3:54  Hatchery  
  35  3:56  Drone  
  36  4:24  Drone x3  
  36  4:25  Drone x3  
  36  4:28  Extractor  
  36  4:30  Extractor  
  40  4:33  Lair  
  40  4:40  Baneling Nest  
  39  4:58  Drone x5  
  39  4:59  Drone  
  45  5:09  Drone x2  
  45  5:10  Drone  
  48  5:34  Infestation Pit, Drone  
  48  5:35  Drone x5  
  53  5:55  Zergling x10  
  53  5:56  Overlord  
  58  6:13  Hatchery  
  58  6:17  Hive  
  57  6:19  Overseer  
  57  6:26  Roach x4  
  57  6:27  Zergling x6  
  57  6:30  Overlord x2  
  68  6:35  Extractor  
  68  6:38  Extractor  
  66  6:46  Evolution Chamber  
  65  6:49  Drone x4  
  65  6:50  Evolution Chamber  
  65  6:53  Drone x2  
  70  7:23  Glial Reconstitution  
  70  7:26  Drone x4  
  70  7:27  Drone x5  
  70  7:28  Drone  
  80  7:49  Roach x4  
  88  7:58  Spire  
  88  8:02  Spire  
  86  8:10  Ultralisk Cavern  
  85  8:14  Hydralisk Den  
  85  8:17  Zergling x4  
  85  8:18  Zergling x12  
  85  8:19  Zergling x8  
  96  8:24  Adrenal Glands  
  95  8:42  Centrifical Hooks  
  95  8:43  Tunneling Claws  
  95  8:46  Zerg Melee Weapons Level 1, Zerg Missile Weapons Level 1  
  95  8:55  Lurker Den  
  95  9:01  Overlord x2  
  95  9:02  Overlord x4  
  94  9:20  Baneling x3  
  94  9:21  Baneling x4  
  94  9:23  Baneling  
  94  9:35  Drone x3  
  94  9:36  Drone x3  
  100  9:39  Extractor  
  100  9:41  Extractor  
  100  9:42  Hatchery  
  100  9:43  Ultralisk x3  
  100  9:44  Ultralisk x2  
  127  9:46  Ultralisk  
  114  10:10  Roach x2  
  114  10:11  Roach x5  
  128  10:15  Ravager x2  
  128  10:16  Ravager x3  
  128  10:17  Ravager  
  134  10:22  Drone x3  
  134  10:24  Drone x2  
  134  10:25  Drone  
  140  10:37  Zergling x8  
  91  11:07  Zergling x6  
  91  11:08  Zergling x10  
  91  11:09  Zergling x2  
  77  11:13  Baneling x4  
  54  11:39  Zergling x10  
  51  11:40  Zergling x4  
  52  11:56  Zergling x10  
  52  11:59  Baneling x3  
Show
View Real Time Build Order
Export as new Build Order

rawbone Zerg - Winner!

Build Orders: Pool First, Roach Hydra 

Get SALT Encoding   

  12  0:01  Drone  
  13  0:13  Overlord  
  13  0:18  Drone  
  14  0:31  Drone x2  
  16  0:43  Drone  
  16  0:47  Drone  
  18  0:52  Spawning Pool  
  17  0:57  Drone  
  18  1:17  Hatchery  
  17  1:20  Drone  
  17  1:22  Drone  
  19  1:31  Overlord  
  19  1:40  Drone  
  19  1:45  Extractor  
  19  1:49  Queen  
  19  1:53  Drone  
  22  2:04  Drone  
  23  2:12  Drone  
  24  2:23  Drone  
  25  2:34  Drone x2  
  25  2:36  Queen  
  29  2:42  Drone  
  30  2:47  Drone  
  31  2:53  Overlord  
  31  3:00  Drone  
  31  3:02  Overlord  
  32  3:09  Drone  
  33  3:13  Lair  
  33  3:17  Roach Warren  
  32  3:20  Evolution Chamber  
  32  3:21  Queen  
  32  3:25  Drone x6  
  39  3:28  Extractor  
  39  3:30  Extractor  
  37  3:37  Drone x2  
  39  3:43  Drone x3  
  42  3:49  Drone  
  42  3:52  Overlord x2  
  43  3:56  Drone x2  
  45  4:05  Drone x2  
  45  4:07  Drone  
  45  4:08  Drone  
  49  4:10  Drone  
  49  4:15  Glial Reconstitution  
  49  4:16  Zerg Missile Weapons Level 1  
  50  4:18  Overlord x2  
  50  4:32  Overlord  
  50  4:35  Overlord  
  52  4:38  Roach x2  
  52  4:39  Roach x2  
  52  4:40  Hatchery  
  57  4:46  Roach x3  
  57  4:48  Roach  
  65  4:57  Roach  
  65  4:59  Roach  
  69  5:10  Hydralisk Den  
  69  5:12  Evolution Chamber  
  67  5:18  Drone  
  67  5:19  Drone x7  
  75  5:33  Drone x3  
  78  5:39  Drone  
  79  5:43  Drone x2  
  79  5:47  Extractor  
  79  5:49  Grooved Spines  
  80  5:51  Drone x3  
  80  5:52  Drone  
  84  5:59  Extractor  
  84  6:02  Drone x3  
  84  6:03  Extractor  
  85  6:10  Drone x2  
  85  6:11  Drone  
  88  6:12  Drone x5  
  93  6:21  Overlord  
  93  6:22  Overlord x2  
  93  6:26  Zerg Missile Weapons Level 2, Zerg Ground Armor Level 1  
  93  6:33  Queen  
  95  6:51  Hydralisk x6  
  107  7:00  Spire, Infestation Pit, Muscular Augments  
  105  7:25  Hydralisk x11  
  127  7:30  Overlord x2  
  127  7:33  Overlord x4  
  127  7:40  Hive  
  127  7:53  Hydralisk x6  
  127  7:57  Overlord x2  
  127  7:58  Overlord  
  139  8:18  Hydralisk x8, Extractor  
  154  8:20  Hatchery  
  154  8:24  Hydralisk x2, Extractor  
  156  8:47  Zerg Ground Armor Level 2  
  156  8:51  Zerg Flyer Weapons Level 1  
  156  9:00  Drone  
  157  9:14  Hydralisk x10  
  177  9:19  Hatchery  
  176  9:32  Hatchery  
  175  9:39  Hydralisk x7  
  175  9:40  Hydralisk  
  191  9:46  Drone  
  191  9:47  Drone  
  193  9:53  Drone x3  
  193  9:54  Drone  
  193  9:55  Drone x3  
  194  10:24  Hydralisk x3  
  200  10:35  Hatchery  
  181  11:01  Hydralisk x9  
  155  11:16  Hydralisk x6  
  167  11:21  Hydralisk  
  159  11:41  Hydralisk x10  
Tags
 
Composition
Roach Hydra
Matchup
ZvZ
Race
Zerg
Spawn Locations
Cross Positions
Add a new tag
Caveats
  • Supply blocks, unpowered buildings, or Contaminate may cause inaccurate times.
  • Supply counts are checked every 10 seconds.